 Dungeon Crawl Stone Soup version 0.22.1-1-ga44c0e56f4 (webtiles) character file.

142 deluxius the Shield-Bearer (level 5, -4/33 HPs)
             Began as a Gargoyle Fighter on Oct 16, 2018.
             Killed from afar by GsBirdie's ghost (10 damage)
             ... with an orb of energy
             ... on level 3 of the Dungeon.
             The game lasted 00:10:58 (2539 turns).

deluxius the Shield-Bearer (Gargoyle Fighter)       Turns: 2539, Time: 00:10:59

Health: -4/33      AC: 14    Str: 20    XL:     5   Next: 25%
Magic:  5/5        EV:  8    Int:  9    God:
Gold:   67         SH:  9    Dex:  9    Spells: 4/4 levels left

rFire    . . .     SeeInvis .   a - +0 long sword
rCold    + . .     Gourm    .   c - +0 shield
rNeg     + . .     Faith    .   b - +0 scale mail
rPois    ∞         Spirit   .   (no helmet)
rElec    +         Reflect  .   (no cloak)
rCorr    .         Harm     .   C - +2 pair of gloves
MR       .....                  (no boots)
Stlth    ..........             (no amulet)
HPRegen  0.11/turn              s - ring of protection from cold
MPRegen  0.09/turn              (no ring)

@: no status effects
A: negative energy resistance 1, electricity resistance, unbreathing,
petrification resistance, rot immunity, AC +4
a: no special abilities


You were on level 3 of the Dungeon.
You were hungry.

You visited 1 branch of the dungeon, and saw 3 of its levels.

You collected 67 gold pieces.

Inventory:

Hand Weapons
 a - a +0 long sword (weapon)
 e - a +0 mace
 h - a +0 spear
 k - a +0 club
 n - a +0 dagger
 o - a +0 dagger
 t - a +0 club
 u - a +0 hunting sling
 w - a +0 club
 x - a +0 hand axe
 z - a +0 dagger
Missiles
 y - 74 stones (quivered)
 A - 11 bolts
 D - 29 arrows
Armour
 b - a +0 scale mail (worn)
 c - a +0 shield (worn)
 C - a +2 pair of gloves (worn)
 E - a +0 scale mail
Jewellery
 s - a ring of protection from cold (left hand)
Scrolls
 i - a scroll of teleportation {unknown}
 j - a scroll of blinking {unknown}
 l - a scroll of fear {unknown}
 m - a scroll of enchant weapon {unknown}
 p - 2 scrolls of identify {unknown}
 r - a scroll of immolation {unknown}
 F - a scroll of remove curse
Potions
 d - a potion of might
 g - 2 potions of agility {unknown}
 q - a potion of heal wounds {unknown}
 v - 2 potions of curing {unknown}
 B - a potion of berserk rage {unknown}
Comestibles
 f - 7 rations


   Skills:
 + Level 3.7 Fighting
 + Level 3.1 Long Blades
 + Level 3.8 Armour
 + Level 1.2 Dodging
 + Level 4.2 Shields


You had 4 spell levels left.
You didn't know any spells.
Your spell library was empty.

Dungeon Overview and Level Annotations

Branches:
Dungeon (3/15)

Altars:

Annotations:
D:3 GsBirdie's ghost, amateur DrCj


Innate Abilities, Weirdness & Mutations

You are resistant to torment.
Your stone body is resilient. (AC +4)
You are immune to poison.
You resist negative energy. (rN+)
You are resistant to electric shocks. (rElec)
You can survive without breathing.
You are immune to petrification.
You are immune to rotting.


Message History

You closely miss GsBirdie's ghost.
GsBirdie's ghost is severely damaged.
You hit GsBirdie's ghost.
GsBirdie's ghost is severely damaged.
GsBirdie's ghost gestures at you while chanting.
The orb of energy hits you!
GsBirdie's ghost hits you but does no damage.
Your shield and scale mail prevent you from hitting GsBirdie's ghost.
GsBirdie's ghost is severely damaged.
GsBirdie's ghost hits you. GsBirdie's ghost casts a spell at you.
The magic dart hits you!
GsBirdie's ghost points at you and mumbles some strange words.
The orb of energy hits you!
* * * LOW HITPOINT WARNING * * *
The orb of energy explodes!
There is a stone staircase leading down here.
GsBirdie's ghost gestures at you while chanting.
The orb of energy hits you!
You die...

.. #...# ########+#.
#####.#.# #..........
#.......#######..? .....
#................. ....
.......... .....#####.#.
......... .....#.#.#.
........########.#.#...#.
$......>@.....)..........
.###..#.########.#.#.....
#...W.........#.######
###.....#######.#
#..#'#..# #.#
#..##.##..... ...
#..##...##..## ###
...##.....##.#
....#⌠.%♣!.⌠#.#


You could see GsBirdie's ghost.

Vanquished Creatures
  5 adders
  An ooze (D:2)
  7 worms
  A leopard gecko (D:2)
  4 orcs (D:3)
  A ball python (D:1)
  3 giant cockroaches (D:2)
  4 goblins
  8 hobgoblins
  10 jackals (D:2)
  4 quokkas
  3 bats
  3 frilled lizards
  6 kobolds
  7 rats
67 creatures vanquished.

Notes
Turn   | Place    | Note
-------+----------+-------------------------------------------
     0 | D:1      | deluxius the Gargoyle Fighter began the quest for the Orb.
     0 | D:1      | Reached XP level 1. HP: 14/14 MP: 1/1
   426 | D:1      | Reached XP level 2. HP: 19/19 MP: 2/2
   965 | D:2      | Reached XP level 3. HP: 21/23 MP: 3/3
  1365 | D:2      | Reached XP level 4. HP: 27/29 MP: 4/4
  1384 | D:2      | Reached skill level 4 in Shields
  2362 | D:3      | Reached skill level 1 in Dodging
  2362 | D:3      | Reached XP level 5. HP: 28/33 MP: 5/5
  2516 | D:3      | Found a runed door.
  2516 | D:3      | Noticed GsBirdie's ghost (amateur DrCj)
  2539 | D:3      | Killed from afar by GsBirdie's ghost

Skill      XL: |  1  2  3  4 |
---------------+-------------+-----
Long Blades    | 2 3 |  3.1
Shields        | 4 |  4.2
Dodging        | 1 |  1.2
Fighting       | |  3.7
Armour         | |  3.8

Action                   |  1- 3 |  4- 6 || total
-------------------------+-------+-------++-------
Melee: Long sword        |   107 |   152 ||   259
  Use: Scroll            |     1 |       ||     1
  Eat: Chunk             |     1 |     4 ||     5
Armor: Scale mail        |    85 |    92 ||   177
Dodge: Dodged            |    42 |    47 ||    89
Block: Shield            |    73 |    66 ||   139
       Rpst.: Long sword |     5 |    16 ||    21
